Description

Neeb v Serral: Game 1 - Abyssal Reef LE Copy

Replay - Neeb v Serral: Game 1 - Abyssal Reef LE

Build Order

Get SALT Encoding   

  12  0:00  Drone  
  13  0:13  Overlord  
  13  0:17  Drone  
  14  0:31  Drone x3  
  17  0:51  Drone  
  17  0:53  Spawning Pool  
  17  1:06  Extractor  
  17  1:10  Drone  
  17  1:18  Drone  
  18  1:24  Drone  
  19  1:30  Hatchery  
  18  1:35  Drone  
  18  1:39  Queen  
  19  1:40  Zergling x2  
  22  1:50  Overlord  
  22  2:05  Metabolic Boost  
  22  2:15  Queen  
  24  2:22  Zergling x2  
  31  2:55  Overlord  
  32  3:00  Hatchery  
  32  3:04  Queen  
  33  3:10  Overlord  
  36  3:22  Overlord  
  42  3:41  Spore Crawler  
  42  3:42  Queen  
  44  3:55  Spore Crawler  
  46  4:02  Evolution Chamber  
  48  4:12  Queen  
  50  4:28  Spore Crawler  
  52  4:35  Zerg Melee Weapons Level 1  
  53  4:40  Zergling x6  
  56  4:50  Zergling x4  
  56  4:51  Baneling Nest  
  59  4:55  Zergling x6  
  66  5:27  Lair  
  63  5:29  Extractor  
  75  5:43  Hatchery  
  74  5:50  Extractor x2, Pneumatized Carapace  
  75  5:59  Extractor  
  81  6:11  Extractor  
  87  6:26  Centrifical Hooks  
  87  6:28  Hydralisk Den  
  90  6:45  Spore Crawler  
  97  6:48  Baneling x3  
  97  7:06  Muscular Augments  
  97  7:08  Hydralisk x7  
  111  7:19  Zerg Melee Weapons Level 2  
  111  7:21  Queen  
  114  7:30  Hydralisk x3  
  167  8:39  Baneling x7  
  173  9:05  Hatchery  
  150  9:52  Infestation Pit  
Spawning Tool Build Advisor. Get it on Overwolf

Go to:

Details

  • Created by: zw
  • Published on: Aug 16, 2017
  • Modified on: Aug 16, 2017
  • Patch: 3.8.0
Show
View Real Time Build Order
Export as new Build Order

Comments (0)

There are no comments. Be the first!

Create an account to comment!